 Dungeon Crawl Stone Soup version 0.29-a0-451-gfbfa42419e (webtiles) character file.

Game seed: 18016673745484329230

1242 dabmancer the Magician (level 8, 0/37 HPs)
             Began as a Spriggan Conjurer on May 20, 2022.
             Was an Initiate of Vehumet.
             Slain by a yak (24 damage)
             ... on level 5 of the Dungeon.
             The game lasted 00:56:50 (7881 turns).

dabmancer the Magician (Spriggan Conjurer)          Turns: 7881, Time: 00:56:50

Health: 0/37       AC:  3    Str:  3    XL:     8   Next: 25%
Magic:  16/20      EV: 18    Int: 22    God:    Vehumet [......]
Gold:   39         SH:  0    Dex: 13    Spells: 12/22 levels left

rFire   . . .      SeeInvis +   v - +3 quarterstaff (chaos)
rCold   . . .      Faith    .   (shield currently unavailable)
rNeg    . . .      Spirit   .   a - +0 robe
rPois   .          Reflect  .   (helmet restricted)
rElec   .          Harm     .   w - +0 cloak
rCorr   .          Rampage  .   (gloves unavailable)
Will    +....                   (boots unavailable)
Stlth   +++.......              y - amulet of the acrobat
HPRegen 0.12/turn               (no ring)
MPRegen 0.17/turn               (no ring)

@: very quick
A: very small, no large weapons, unfitting armour, see invisible, speed 3
a: Renounce Religion


You were on level 5 of the Dungeon.
You worshipped Vehumet.
Vehumet was noncommittal.
You visited 2 branches of the dungeon, and saw 6 of its levels.

You collected 239 gold pieces.
You spent 200 gold pieces at shops.

Inventory:

Hand Weapons
 k - a +0 spear
 l - a +0 dagger
 n - a +0 hand axe
 q - a +0 club
 v - a +3 quarterstaff of chaos (weapon)
 A - a +1 whip of electrocution
Missiles
 e - 143 stones
 t - 2 poisoned darts
Armour
 a - a +0 robe (worn)
 d - a +0 leather armour
 g - a +0 chain mail
 m - a +0 ring mail
 o - a +0 robe
 r - a +0 animal skin
 s - a +0 helmet
 w - a +0 cloak (worn)
Jewellery
 y - an amulet of the acrobat (around neck)
Wands
 z - a wand of polymorph (7)
 E - a wand of paralysis (8)
Scrolls
 h - a scroll of fear {unknown}
 i - a scroll of summoning {unknown}
 j - 5 scrolls of identify {unknown}
 u - a scroll of teleportation {unknown}
 x - a scroll of silence {unknown}
 C - a scroll of fog {unknown}
 D - a scroll of enchant weapon {unknown}
Potions
 b - a potion of magic
 c - a potion of curing
 f - 2 potions of flight
 p - a potion of degeneration {unknown}
 B - 2 potions of might {unknown}


   Skills:
 + Level 1.1 Fighting
 + Level 0.3 Staves
 + Level 2.0 Throwing
 + Level 3.9 Dodging
 + Level 4.7 Stealth
 + Level 7.6 Spellcasting
 + Level 5.5 Conjurations
 + Level 1.5 Earth Magic


You had 12 spell levels left.
You knew the following spells:

 Your Spells              Type           Power      Damage    Failure   Level
a - Magic Dart            Conj           100%       1d8       1%          1
b - Searing Ray           Conj           64%        2d6       1%          2
c - Sandblast             Erth           30%        2d9       4%          1
d - Vampiric Draining     Necr           8%         2d6       22%         3
e - Summon Guardian Gole  Hex/Summ       8%         N/A       22%         3

Your spell library contained the following spells:

 Spells                   Type           Power      Damage    Failure   Level
 Stone Arrow              Conj/Erth      48%        3d10      5%          3
 Slow                     Hex            32%        N/A       8%          1
 Sting                    Tmut/Pois      32%        1d4       8%          1
 Dazzling Flash           Conj/Hex       40%        N/A       8%          3
 Passwall                 Tmut/Erth      9%         N/A       9%          2
 Mephitic Cloud           Conj/Pois/Air  16%        N/A       11%         3
 Poisonous Vapours        Pois/Air       16%        N/A       12%         2
 Confusing Touch          Hex            8%         N/A       22%         3
 Ignite Poison            Fire/Tmut/Pois 8%         N/A       22%         3
 Fulminant Prism          Conj/Hex       10%        3d9       24%         4
 Iskenderun's Mystic Bla  Conj/Tloc      20%        2d6       24%         4
 Olgreb's Toxic Radiance  Pois           8%         N/A       58%         4
 Freezing Cloud           Conj/Ice/Air   8%         6-21      69%         5
 Starburst                Conj/Fire      10%        6d5       98%         6
 Orb of Destruction       Conj           16%        9d7       100%        7
 Spellforged Servitor     Conj/Summ      10%        N/A       100%        7


Dungeon Overview and Level Annotations

Branches:
Dungeon (5/15)             Temple (1/1) D:4

Altars:
Ashenzari
Cheibriados
Dithmenos
Elyvilon
Fedhas
Gozag
Hepliaklqana
Kikubaaqudgha
Makhleb
Nemelex Xobeh
Okawaru
Qazlal
Ru
Sif Muna
Trog
Uskayaw
Vehumet
Wu Jian
Xom
Yredelemnul
Zin
The Shining One

Shops:
D:1 (   D:4 :


Innate Abilities, Weirdness & Mutations

You are very small and have problems with some larger weapons.
You are too small for most types of armour.
You have supernaturally acute eyesight. (SInv)
You cover ground extremely quickly. (Speed+++)


Message History

Press: ? - help, Shift-Dir - straight line, f/p - yak
Aim: a yak (moderately wounded, 87% to hit)
The blast of sand hits the yak.
The yak is moderately wounded.
e - 143 stones You hear the slow hiss of a very distant avalanche of sand.
The yak bellows!
You hear a bellow!
You hear a shout!
Casting: Sandblast (safe; 4% risk of failure)
Confirm with . or Enter, or press ? or * to list all spells.
You can't see any susceptible monsters within range! (Use Z to cast anyway.)
Casting: Sandblast (safe; 4% risk of failure)
Confirm with . or Enter, or press ? or * to list all spells.
Aiming: Searing Ray (safe; 1% risk of failure)
Press: ? - help, Shift-Dir - straight line, f/p - yak
Aim: a yak (moderately wounded, 88% to hit)
The searing ray hits the yak!
The yak is heavily wounded. (Press . to maintain the ray.)
The yak bellows!
The searing ray hits the yak.
The yak is severely wounded.
The searing ray hits the yak.
The yak is almost dead.
The searing ray hits the yak.
You kill the yak!
Vehumet accepts your kill.
You finish channelling your searing ray.
Your Throwing skill increases to level 2!
You closely miss the yak. The yak closely misses you. The yak misses you.
You hit the yak.
The yak is lightly wounded.
The yak completely misses you. The yak gores you.
You hit the yak.
The yak goes berserk!
The yak is lightly wounded.
The yak gores you! The yak gores you but does no damage.
The yak closely misses you. The yak gores you.
It was a potion of curing.
You feel better. The yak gores you but does no damage. The yak gores you!!
Ouch! That really hurt!
You die...

.# #......)Y#####.# .#
######'#Y......# .#
#.######..#
.###############.#....#..#
.'....†.........YO....#..#
.###############Y#.####..#
.# #Y#.......# ##
#Y######.## #@Y......#
##########


You could see 5 yaks and an ogre.

Vanquished Creatures
  Grinder (D:4)
  A yak (D:5)
  Eustachio (D:4)
  Duvessa (D:4)
  An ogre (D:4)
  Blork the orc (D:4)
  A bullfrog (D:5)
  Dowan (D:4)
  Crazy Yiuf (D:2)
  3 hounds (D:4)
  Natasha (thrice) (D:3)
  2 orc wizards (D:4)
  Robin (D:2)
  5 adders
  A gnoll (D:1)
  An ufetubus (D:4)
  2 worms (D:2)
  A dart slug (D:3)
  6 orcs
  5 ball pythons
  3 endoplasms
  2 giant cockroaches
  11 goblins
  5 hobgoblins
  8 jackals
  7 kobolds
  6 quokkas
  3 bats
  4 frilled lizards
  9 rats
97 creatures vanquished.

Vanquished Creatures (others)
  A plant (D:4)
1 creature vanquished.

Grand Total: 98 creatures vanquished

Notes
Turn   | Place    | Note
-------+----------+-------------------------------------------
     0 | D:1      | dabmancer the Spriggan Conjurer began the quest for the
                  | Orb.
     0 | D:1      | Reached XP level 1. HP: 9/9 MP: 5/5
   625 | D:1      | Reached XP level 2. HP: 13/13 MP: 3/6
   833 | D:1      | Found a faded altar of an unknown god.
   990 | D:1      | Reached skill level 3 in Spellcasting
  1369 | D:1      | Found Xaquyph's Weapon Shoppe.
  1498 | D:1      | Reached XP level 3. HP: 16/16 MP: 2/8
  2130 | D:2      | Learned a level 2 spell: Searing Ray
  2132 | D:2      | Learned a level 1 spell: Sandblast
  2155 | D:2      | Noticed Robin
  2460 | D:2      | Killed Robin
  2461 | D:2      | Reached XP level 4. HP: 21/21 MP: 1/10
  2599 | D:2      | Found a runed translucent door.
  2600 | D:2      | Noticed Crazy Yiuf
  3366 | D:2      | Killed Crazy Yiuf
  3535 | D:3      | Found a basalt altar of Yredelemnul.
  3681 | D:3      | Reached XP level 5. HP: 24/24 MP: 8/11
  3828 | D:3      | Noticed Natasha
  3850 | D:3      | Killed Natasha
  3851 | D:3      | Reached skill level 4 in Spellcasting
  3947 | D:3      | Noticed Natasha
  4020 | D:3      | Killed Natasha
  4239 | D:3      | Noticed Natasha
  4258 | D:3      | Killed Natasha
  4991 | D:4      | Reached skill level 5 in Spellcasting
  4991 | D:4      | Reached XP level 6. HP: 24/28 MP: 7/14
  5140 | D:4      | Noticed Eustachio
  5161 | D:4      | Killed Eustachio
  5308 | D:4      | Reached skill level 6 in Spellcasting
  5382 | D:4      | Found a staircase to the Ecumenical Temple.
  5425 | D:4      | Noticed Grinder
  5437 | Temple   | Entered the Ecumenical Temple
  5725 | Temple   | Became a worshipper of Vehumet
  5752 | D:4      | Noticed Dowan
  5768 | D:4      | Paralysed by Grinder for 3 turns
  5828 | D:4      | Killed Grinder
  5829 | D:4      | Reached skill level 5 in Conjurations
  5829 | D:4      | Reached XP level 7. HP: 6/32 MP: 13/17
  6293 | D:4      | Killed Dowan
  6294 | D:4      | Reached skill level 1 in Fighting
  6297 | D:4      | Noticed Duvessa
  6741 | D:4      | Killed Duvessa
  6742 | D:4      | Reached skill level 1 in Throwing
  6742 | D:4      | Reached skill level 1 in Earth Magic
  6855 | D:4      | Noticed Blork the orc
  6881 | D:4      | Killed Blork the orc
  6882 | D:4      | Reached skill level 7 in Spellcasting
  7100 | D:4      | Found Makeihez's Book Emporium.
  7110 | D:4      | Bought a book of Debilitation for 200 gold pieces
  7173 | D:4      | Learned a level 3 spell: Vampiric Draining
  7177 | D:4      | Learned a level 3 spell: Summon Guardian Golem
  7206 | D:4      | Reached XP level 8. HP: 37/37 MP: 13/19
  7715 | D:5      | Entered Level 5 of the Dungeon
  7881 | D:5      | Slain by a yak

Illustrated notes

Levels and vault maps discovered:
D:1:      eino_arrival_cavern_d, layout_basic,
          shapermc_ecumenical_altar_notcrosses, serial_shops,
          nicolae_shop_bloodbath_and_beyond
D:2:      layout_loops_cross, uniq_crazy_yiuf_cottage, uniq_robin
D:3:      layout_loops_ring, amcnicky_altar_gilded, roderic_lattice_a,
          st_stairs_8, minivault_19, uniq_natasha
D:4:      layout_basic, minmay_temple_entry_gardened_gates, serial_shops,
          nicolae_lakefront_shop, uniq_eustachio, uniq_blork_the_orc,
          uniq_grinder, uniq_duvessa
D:5:      layout_basic, enter_ossuary_2
Temple:   roderic_octagonal_lattice_temple

Skill      XL: |  1  2  3  4  5  6  7  8 |
---------------+-------------------------+-----
Conjurations   | 3 4 5 |  5.5
Spellcasting   | 3 5 6 7 |  7.6
Dodging        | 3 |  3.9
Stealth        | 4 |  4.7
Fighting       | 1 |  1.1
Throwing       | 1 2 |  2.0
Earth Magic    | 1 |  1.5
Staves         | |  0.3

Action                   |  1- 3 |  4- 6 |  7- 9 || total
-------------------------+-------+-------+-------++-------
Melee: Unarmed           |     5 |       |       ||     5
       Hand axe          |     5 |       |       ||     5
       Quarterstaff      |       |     4 |     5 ||     9
Throw: Dart              |       |     4 |     9 ||    13
       Stone             |       |     1 |     2 ||     3
 Cast: Magic Dart        |    89 |   118 |    31 ||   238
       Sandblast         |     3 |     5 |     9 ||    17
       Searing Ray       |       |    10 |    12 ||    22
  Use: Potion            |       |     1 |     1 ||     2
Armor: Robe              |     4 |       |     2 ||     6
Dodge: Dodged            |    16 |    11 |    11 ||    38

Table legend: (Time is in decaauts)
 A = Elapsed time spent in this place.
 B = Non-inter-level travel time spent in this place.
 C = Inter-level travel time spent in this place.
 D = Time resting spent in this place.
 E = Time spent auto-exploring this place.
 F = Levels seen in this place.
 G = Mean time per level.
                   A        B        C        D        E       F      G
               +--------+--------+--------+--------+--------+-----+--------+
         Total |   5984 |   5852 |    132 |    516 |   3816 |   6 |  997.3 |
       Dungeon |   5797 |   5675 |    122 |    516 |   3716 |   5 | 1159.4 |
        Temple |    187 |    177 |     10 |      0 |    100 |   1 |  187.0 |
               +--------+--------+--------+--------+--------+-----+--------+

Top non-repeatable levels by time:
     D:4: 1860 daAuts
     D:2: 1342 daAuts
     D:1: 1337 daAuts
     D:3: 1140 daAuts
  Temple: 187 daAuts
     D:5: 115 daAuts
